 Dungeon Crawl Stone Soup version 0.31-a0-217-g58bb5d79cf (webtiles) character file.

Game seed: 1439624744899813510

313 qw the Shooter (level 6, -2/51 HPs)
             Began as a Minotaur Hexslinger on July 2, 2023.
             Slain by an orc wizard
             ... wielding a +0 mace
              (5 damage)
             ... on level 3 of the Dungeon.
             The game lasted 00:00:48 (2171 turns).

qw the Shooter (Minotaur Hexslinger)                Turns: 2171, Time: 00:00:48

Health: -2/51      AC:  5    Str: 12    XL:     6   Next: 19%
Magic:  6/6        EV: 11    Int: 10    God:
Gold:   175        SH:  0    Dex: 15    Spells: 6/7 levels left

rFire   . . .        Y - +1 sling
rCold   . . .        (no shield)
rNeg    . . .        e - +0 ring mail
rPois   +            (helmet restricted)
rElec   .            (no cloak)
rCorr   .            (no gloves)
SInv    .            (no boots)
Will    +....        (no amulet)
Stlth   +            f - ring of poison resistance
HPRegen 0.28/turn    g - ring of willpower
MPRegen 0.10/turn

%: no passive effects
@: no status effects
A: horns 2, retaliatory headbutt
a: no special abilities


You were on level 3 of the Dungeon.
You visited 1 branch of the dungeon, and saw 3 of its levels.

You collected 175 gold pieces.


Innate Abilities, Weirdness & Mutations

You have a pair of horns on your head.
You reflexively headbutt those who attack you in melee.


   Skills:
 + Level 3.6 Fighting
 - Level 6.3 Ranged Weapons
 - Level 1.0 Armour
 - Level 2.1 Dodging
 - Level 1.0 Spellcasting
 - Level 2.0 Hexes


You had 6 spell levels left.
You knew the following spells:

 Your Spells              Type           Power      Damage    Failure   Level
a - Slow                  Hex            16%        N/A       34%         1

Your spell library contained the following spells:

 Spells                   Type           Power      Damage    Failure   Level
 Inner Flame              Hex/Fire       2%         N/A       83%         3
 Portal Projectile        Hex/Tloc       4%         N/A       83%         3
 Cause Fear               Hex            2%         N/A       98%         4

Inventory:

Hand Weapons
 Y - a +1 sling (weapon)
Armour
 e - a +0 ring mail (worn)
Jewellery
 f - a ring of poison resistance (left hand)
 g - a ring of willpower (right hand)
Scrolls
 a - a scroll of teleportation
 d - 3 scrolls of identify
 h - a scroll of immolation {unknown}
 i - a scroll of amnesia {unknown}
Potions
 b - a potion of berserk rage {unknown}
 c - a potion of heal wounds

Dungeon Overview and Level Annotations

Branches:
Dungeon (3/15)

Altars:
Qazlal
Zin


Message History

The orc wizard flickers and vanishes!
You shoot a sling bullet. You shoot a sling bullet.
Something hits you but does no damage. x2
You shoot a sling bullet.
The sling bullet hits the orc but does no damage.
Something hits you but does no damage. x2
You shoot a sling bullet. The sling bullet hits the orc.
The orc is heavily wounded.
Something hits you.
You shoot a sling bullet. The sling bullet hits the orc.
You kill the orc!
You hear some strange, mumbled words.
A magic dart appears from out of thin air!
The magic dart hits you!
You shoot a sling bullet. Something hits you but does no damage.
Something hits you. x3
You shoot a sling bullet.
You hear some strange, mumbled words.
A magic dart appears from out of thin air!
The magic dart hits you. Something hits you but does no damage.
You shoot a sling bullet.
Something hits you but does no damage. x2
You shoot a sling bullet. Something hits you. x2
You shoot a sling bullet. Something hits you. x2
You shoot a sling bullet.
Something hits you but does no damage. x2; Something hits you!
Something barely misses you.
You shoot a sling bullet. Something hits you. x2
You shoot a sling bullet.
Reactivating autopickup.
You feel a bit more experienced. Something hits you.
Deactivating autopickup; reactivate with Ctrl-A.
You shoot a sling bullet. Something hits you.
You die...

#.# #.#
#..###...#.....#.. #.#
#.# #......#.......###
#.# #.# ##.###...###.#.#
..# #.# #.# ##|## ###.#
.#####.# #.# #.## #.#
#...# #.# #..# #.# #.###
#.# ##.# #.#
#.######.#####.#####.###
##......@).....%%........
#...####.)####.)_..####..
#........................
#......##.............###
######>########.#######
#.# #.# # o.. ...########


There were no monsters in sight!

Vanquished Creatures
  Sigmund (D:3)
  A scorpion (D:3)
  An orc wizard (D:3)
  2 adders (D:2)
  3 worms
  A dart slug (D:2)
  6 orcs (D:3)
  2 bats
  An endoplasm (D:2)
  A giant cockroach (D:2)
  7 hobgoblins
  3 kobolds (D:2)
  3 quokkas
  5 ball pythons
  2 frilled lizards (D:1)
  4 rats
43 creatures vanquished.

Notes
Turn   | Place    | Note
-------+----------+-------------------------------------------
     0 | D:1      | qw the Minotaur Hexslinger began the quest for the Orb.
     0 | D:1      | Reached XP level 1. HP: 16/16 MP: 1/1
     0 | D:1      | 0 ||| qw: Version: 0.3-a-40-ge99b1a8
     0 | D:1      | 0 ||| qw: Game counter: 248
     0 | D:1      | 0 ||| qw: Melee chars always use a shield: true
     0 | D:1      | 0 ||| qw: God list: Okawaru
     0 | D:1      | 0 ||| qw: Allow faded altars: false
     0 | D:1      | 0 ||| qw: Do Orc after clearing Dungeon:15 true
     0 | D:1      | 0 ||| qw: Do second Lair branch before Depths: true
     0 | D:1      | 0 ||| qw: Lair rune preference: random
     0 | D:1      | 0 ||| qw: Goals: Normal
     0 | D:1      | 0 ||| PLANNING D:1-11
   607 | D:1      | 607 ||| UPGRADING to +0 ring mail.
   617 | D:1      | 617 ||| DROPPING +0 robe.
   618 | D:1      | 618 ||| UPGRADING to ring of poison resistance.
   619 | D:1      | 619 ||| READING 3 scrolls labelled LONOACK WAKAI.
   624 | D:1      | 624 ||| READING scroll labelled KYPHAR GEULL.
   625 | D:1      | 625 ||| READING scroll labelled IRAVVEOBOTS.
   626 | D:1      | 626 ||| DROPPING scroll of poison.
   708 | D:2      | Reached skill level 3 in Ranged Weapons
   708 | D:2      | Reached XP level 2. HP: 23/23 MP: 2/2
   985 | D:2      | Reached XP level 3. HP: 28/29 MP: 3/3
  1138 | D:2      | Found a glowing silver altar of Zin.
  1372 | D:2      | Reached skill level 4 in Ranged Weapons
  1453 | D:2      | Reached skill level 1 in Armour
  1556 | D:2      | 1556 ||| UPGRADING to ring of willpower.
  1557 | D:2      | 1557 ||| DROPPING +6 ring of intelligence.
  1558 | D:2      | 1558 ||| DROPPING ring of wizardry.
  1559 | D:2      | 1559 ||| READING scroll labelled DUGRAA KUNI.
  1560 | D:2      | 1560 ||| READING scroll labelled DIQUHI PURPHIU.
  1561 | D:2      | 1561 ||| READING 2 scrolls labelled BEINAM GE WORGH.
  1662 | D:2      | 1662 ||| READING scroll labelled COOTUSEGEI.
  1663 | D:2      | 1663 ||| DRINKING 3 black potions.
  1664 | D:2      | 1664 ||| DROPPING scroll of silence.
  1776 | D:3      | Found a stormy altar of Qazlal.
  1794 | D:3      | Noticed Sigmund
  1804 | D:3      | HP: 2/29 [Sigmund/+0 scythe (7)]
  1805 | D:3      | 1805 ||| READING 2 scrolls of teleportation.
  1806 | D:3      | 1806 ||| DRINKING 2 potions of heal wounds.
  1864 | D:3      | Reached XP level 4. HP: 28/36 MP: 4/4
  2016 | D:3      | Noticed a scorpion
  2019 | D:3      | Killed Sigmund
  2020 | D:3      | Reached skill level 6 in Ranged Weapons
  2020 | D:3      | Reached XP level 5. HP: 24/41 MP: 5/5
  2025 | D:3      | Reached skill level 3 in Fighting
  2025 | D:3      | Reached XP level 6. HP: 21/51 MP: 6/6
  2111 | D:3      | 2111 ||| FLEEEEING.
  2112 | D:3      | 2112 ||| FLEEEEING.
  2113 | D:3      | 2113 ||| FLEEEEING.
  2114 | D:3      | 2114 ||| FLEEEEING.
  2153 | D:3      | 2153 ||| Stepping ~*~*~tactically~*~*~ (outnumbered).
  2169 | D:3      | HP: 7/51 [something (6)]
  2170 | D:3      | HP: 2/51 [something (5)]
  2171 | D:3      | Slain by an orc wizard

Levels and vault maps discovered:
D:1:      dpeg_arrival_tiny_b, layout_loops_ring, minmay_misc_feat_rows
D:2:      layout_loops_corners, basic_altar, grunt_ministairs_15
D:3:      layout_loops_ring, mainiacjoe_overflow_boulevard,
          shapermc_ecumenical_altar_petra, uniq_robin, uniq_crazy_yiuf_cottage,
          uniq_sigmund

Skill      XL: |  1  2  3  4  5 |
---------------+----------------+-----
Ranged Weapons | 3 4 6 |  6.3
Fighting       | 2 3 |  3.6
Armour         | 1 |  1.0
Dodging        | |  2.1
Spellcasting   | |  1.0
Hexes          | |  2.0

Action                     |  1- 3 |  4- 6 || total
---------------------------+-------+-------++-------
   Fire: Sling             |   131 |    37 ||   168
    Use: Scroll            |     8 |       ||     8
         Potion            |     2 |       ||     2
 Armour: Ring mail         |    17 |    11 ||    28
  Dodge: Dodged            |    37 |    13 ||    50

Table legend:
 A = Non-vault XP
 B = Vault XP
 C = Vault XP percentage of total XP
 D = Non-vault monster count
 E = Vault monster count
 F = Vault count percentage of total count
                 A         B        C        D         E       F
            +---------+---------+-------+---------+---------+-------
      Total |     221 |     227 |  50.7 |      40 |       3 |   7.0
            +---------+---------+-------+---------+---------+-------
        D:1 |       9 |       0 |   0.0 |       6 |       0 |   0.0
        D:2 |      62 |       4 |   6.1 |      19 |       2 |   9.5
        D:3 |     150 |     223 |  59.8 |      15 |       1 |   6.2
            +---------+---------+-------+---------+---------+-------
